 Dungeon Crawl Stone Soup version 0.17-a0-1882-g750edc8 (webtiles) character file.

146 Rationalist the Shield-Bearer (level 5, -1/42 HPs)
             Began as a Formicid Fighter on Sept 23, 2015.
             Slain by an orc
             ... wielding a +0 hand axe
              (3 damage)
             ... on level 3 of the Dungeon.
             The game lasted 00:03:41 (1895 turns).

Rationalist the Shield-Bearer (Formicid Fighter)    Turns: 1895, Time: 00:03:41

Health: -1/42      AC:  7    Str: 26    XL:     5   Next: 53%
Magic:  5/5        EV:  9    Int:  7    God:
Gold:   133        SH: 10    Dex: 14    Spells: 0 memorised, 4 levels left

rFire  . . .     SeeInvis +     a - +0 war axe
rCold  . . .     Clarity  .     b - +0 scale mail
rNeg   . . .     SustAt   .     c - +0 shield
rPois  .         Gourm    +     (helmet unavailable)
rElec  .         Spirit   .     (no cloak)
rCorr  .         Warding  .     (no gloves)
rMut   .         Stasis   +     (no boots)
MR     .....                    h - amulet of the gourmand
Stlth  ..........               (no ring)
                                p - +3 ring of dexterity

@: mighty, not resistant to hostile enchantments, extremely unstealthy
A: permanent stasis, dig shafts and tunnels, four strong arms, antennae 3
a: Dig, Shaft Self


You were on level 3 of the Dungeon.
You were very full.

You visited 1 branch of the dungeon, and saw 3 of its levels.

You collected 133 gold pieces.

Inventory:

Hand weapons
 a - a +0 war axe (weapon)
 l - a +4 hunting sling
Missiles
 k - 42 bolts
 o - 29 poisoned needles
 t - 25 sling bullets
Armour
 b - a +0 scale mail (worn)
 c - a +0 shield (worn)
Jewellery
 h - an amulet of the gourmand (around neck)
 p - a +3 ring of dexterity (left hand)
 x - an uncursed amulet of resist corrosion {unknown}
Scrolls
 g - 3 scrolls of teleportation {unknown}
 i - 4 scrolls of remove curse {unknown}
 j - a scroll of blinking {unknown}
 m - 5 scrolls of identify {unknown}
 n - 2 scrolls of recharging {unknown}
 r - a scroll of amnesia {unknown}
 u - a scroll of fear {unknown}
 v - a scroll of noise {unknown}
 y - a scroll of magic mapping {unknown}
Potions
 d - a potion of might
 f - 2 potions of curing
 w - a potion of flight {unknown}
Comestibles
 e - 2 bread rations
 q - a beef jerky
 s - 2 chunks of flesh


   Skills:
 + Level 4.2 Fighting
 + Level 2.7 Axes
 + Level 4.0 Armour
 + Level 1.2 Dodging
 + Level 4.8 Shields


You had 4 spell levels left.
You didn't know any spells.

Dungeon Overview and Level Annotations

Branches:
Dungeon (3/15)

Altars:


Innate Abilities, Weirdness & Mutations

You are under a permanent stasis effect.
You can dig through walls and to a lower floor.
Your four strong arms can wield two-handed weapons with a shield.
You have a pair of large antennae on your head (SInv).


Message History

You feel very mighty all of a sudden. The orc closely misses you.
The orc priest hits you but does no damage.
The orc hits you but does no damage. The orc hits you with a hand axe.
You closely miss the orc.
The orc is almost dead.
You barely miss the orc priest.
The orc priest is lightly wounded.
You slash the orc!
You kill the orc!
You hit the orc.
The orc is almost dead.
You block the orc priest's attack.
The orc priest invokes the aid of Beogh against you.
Something smites you!
* * * LOW HITPOINT WARNING * * *
The orc hits you with a whip.
* * * LOW HITPOINT WARNING * * *
The orc hits you with a hand axe.
You die...

#..... #.# ####..... #
#.# #........ #. #.#
#.....### #. #.# #.....#
# #####o##.# #.....# #
.......$.# #.....###
......ooo#######........
......)@................
#####.####........##....
# ####........##....
.............#....
###.........#....
#......[..#....
#.........#####
#.........# #####.....#


You could see 2 orc priests and 2 orcs.

Vanquished Creatures
  Ijyb (D:3)
  5 adders
  2 oozes (D:1)
  2 giant geckos
  An orc (D:3)
  2 ball pythons
  A bat (D:2)
  11 goblins
  7 hobgoblins
  12 jackals
  A giant cockroach (D:2)
  3 giant newts
  2 kobolds (D:1)
  11 rats
61 creatures vanquished.

Notes
Turn   | Place    | Note
--------------------------------------------------------------
     0 | D:1      | Rationalist the Formicid Fighter began the quest for the Orb.
     0 | D:1      | Reached XP level 1. HP: 18/18 MP: 1/1
    99 | D:1      | Reached XP level 2. HP: 16/24 MP: 2/2
   615 | D:1      | Reached XP level 3. HP: 27/30 MP: 3/3
   918 | D:2      | Reached skill level 4 in Shields
  1296 | D:2      | Reached XP level 4. HP: 37/37 MP: 4/4
  1528 | D:3      | Noticed Ijyb
  1549 | D:3      | Killed Ijyb
  1549 | D:3      | Reached skill level 1 in Dodging
  1549 | D:3      | Reached XP level 5. HP: 36/42 MP: 5/5
  1895 | D:3      | HP: 2/42 [orc/whip (2)]
  1895 | D:3      | Slain by an orc

Vault maps used:
D:1:      dpeg_arrival_short_road
D:2:      kennysheep_the_goblin_king
D:3:      uniq_iyjb

Action                   |  1- 3 |  4- 6 || total
-------------------------+-------+-------++-------
Melee: War axe           |    77 |   109 ||   186
  Use: Potion            |       |     2 ||     2
  Eat: Chunk             |    10 |     1 ||    11
